 Dungeon Crawl Stone Soup version 0.29.1-2-gbd0b4ee654 (webtiles) character file.

Game seed: 15950679377689841799

11 hawla the Chiller (level 2, -6/20 HPs)
             Began as a Meteoran Ice Elementalist on Oct 26, 2022.
             Mangled by a hobgoblin
             ... wielding a +0 mace
              (8 damage)
             ... on level 1 of the Dungeon.
             The game lasted 00:00:32 (75 turns).

hawla the Chiller (Meteoran Ice Elementalist)         Turns: 75, Time: 00:00:34

Health: -6/20      AC:  2    Str:  9    XL:     2   Next: 52%
Magic:  2/6        EV: 12    Int: 16    God:
Gold:   0          SH:  0    Dex: 14    Spells: 5/6 levels left

rFire   . . .      SeeInvis .   (no weapon)
rCold   . . .      Faith    .   (no shield)
rNeg    . . .      Spirit   .   a - +0 robe
rPois   .          Reflect  .   (no helmet)
rElec   .          Harm     .   (no cloak)
rCorr   .          Rampage  .   (no gloves)
Will    .....                   (no boots)
Stlth   +.........              (no amulet)
HPRegen 0.06/turn               (no ring)
MPRegen 0.10/turn               (no ring)

@: glowing
A: sense surroundings 1, otherworldly, glowing, explore regen
a: no special abilities


You were on level 1 of the Dungeon.
You visited 1 branch of the dungeon, and saw 1 of its levels.

Inventory:

Armour
 a - a +0 robe (worn)
Potions
 b - a potion of magic


   Skills:
 + Level 2.5 Dodging
 - Level 1.4 Stealth
 + Level 2.8 Spellcasting
 + Level 4.8 Ice Magic


You had 5 spell levels left.
You knew the following spells:

 Your Spells              Type           Power      Damage    Failure   Level
a - Freeze                Ice            68%        1d8       2%          1

Your spell library contained the following spells:

 Spells                   Type           Power      Damage    Failure   Level
 Frozen Ramparts          Ice            34%        1d6       8%          3
 Ozocubu's Armour         Ice            17%        N/A       8%          3
 Hailstorm                Conj/Ice       10%        3d5       56%         4


Dungeon Overview and Level Annotations

Branches:
Dungeon (1/15) Zot: 524

Altars:


Innate Abilities, Weirdness & Mutations

You passively map a small area around you.
You are easily found by Zot.
You glow in the dark.
You regain HP and MP as you explore.


Message History

The bat hits you but does no damage.
A rat and a hobgoblin come into view.
The hobgoblin shouts!
The frilled lizard hisses angrily.
The bat hits you but does no damage.
Found a coppery potion.
The bat closely misses you. The bat hits you but does no damage.
Casting: Freeze (safe; 2% risk of failure)
Confirm with . or Enter, or press ? or * to list all spells.
Aiming: Freeze (safe; 2% risk of failure)
Press: ? - help, Shift-Dir - straight line, f - bat
Aim: a bat You freeze the bat.
You kill the bat!
Casting: Freeze (safe; 2% risk of failure)
Confirm with . or Enter, or press ? or * to list all spells.
Aiming: Freeze (safe; 2% risk of failure)
Press: ? - help, Shift-Dir - straight line, f - frilled lizard
Aim: a frilled lizard You freeze the frilled lizard.
You kill the frilled lizard!
A goblin comes into view. It is wielding a +0 club.
The hobgoblin completely misses you.
You see here a frilled lizard corpse.
The hobgoblin attacks as you move away! The hobgoblin hits you with a +0 mace.
The rat twitches its whiskers.
The hobgoblin barely misses you. The hobgoblin attacks as you move away!
The hobgoblin hits you with a +0 mace. The rat bites you.
The hobgoblin attacks as you move away! The hobgoblin misses you.
The hobgoblin attacks as you move away! The hobgoblin hits you with a +0 mace!
* * * LOW HITPOINT WARNING * * *
Casting: Freeze (safe; 2% risk of failure)
Confirm with . or Enter, or press ? or * to list all spells.
Aiming: Freeze (safe; 2% risk of failure)
Press: ? - help, Shift-Dir - straight line, f - hobgoblin
Aim: a hobgoblin, wielding a +0 mace You freeze the hobgoblin.
The hobgoblin is lightly wounded.
The hobgoblin hits you with a +0 mace!
You die...

,,..... #...#
,.#.~##. ....#
#...# , .....##
, ....*###†.#
,**..#### ...
#....#### ,
#......... ,, ,
#.!....... *
#r........#
##g........#
#@g......... *
#.....##########
, ####### ,


You could see a hobgoblin, a goblin and a rat.

Vanquished Creatures
  3 bats (D:1)
  A goblin (D:1)
  3 jackals (D:1)
  A frilled lizard (D:1)
  A kobold (D:1)
  A rat (D:1)
10 creatures vanquished.

Notes
Turn   | Place    | Note
-------+----------+-------------------------------------------
     0 | D:1      | hawla the Meteoran Ice Elementalist began the quest for the
                  | Orb.
     0 | D:1      | Reached XP level 1. HP: 14/14 MP: 5/5
    28 | D:1      | Reached XP level 2. HP: 18/20 MP: 0/6
    75 | D:1      | Mangled by a hobgoblin

Illustrated notes

Levels and vault maps discovered:
D:1:      dpeg_arrival_subterranean_lakeside_camping, layout_rooms,
          serial_shops, nicolae_diamond_shop, nicolae_square_shop,
          nicolae_shop_trees, dreamdust_ecumenical_altar_drowned_temple

Action                   || total
-------------------------++-------
 Cast: Freeze            ||    15
Armor: Robe              ||     9
Dodge: Dodged            ||    15
